 Dungeon Crawl Stone Soup version 0.30-a0-852-g08b95dd62f (webtiles) character file.

Game seed: 16721923652882388149

196 demibob the Insei (level 5, 0/38 HPs)
             Began as a Demonspawn Wanderer on Mar 5, 2023.
             Splashed by a jelly's acid (1 damage)
             ... on level 4 of the Dungeon.
             The game lasted 00:04:11 (2810 turns).

demibob the Insei (Demonspawn Wanderer)             Turns: 2810, Time: 00:04:11

Health: 0/38       AC: -1    Str: 18    XL:     5   Next: 45%
Magic:  4/4        EV: 11    Int: 11    God:
Gold:   174        SH:  0    Dex: 13    Spells: 4/4 levels left

rFire   . . .      SeeInvis .    d - +0 hand axe
rCold   . . .      Faith    .    (no shield)
rNeg    . . .      Spirit   .    f - +0 leather armour
rPois   .          Reflect  .    (no helmet)
rElec   .          Rampage  .    (no cloak)
rCorr   .                        (no gloves)
Will    .....                    (no boots)
Stlth   ++                       (no amulet)
HPRegen 0.26/turn                (no ring)
MPRegen 0.09/turn                (no ring)

@: corroded
A: foul stench 1, weakness stinger 1, low MP 1, strong 1
a: no special abilities


You were on level 4 of the Dungeon.
You visited 1 branch of the dungeon, and saw 4 of its levels.

You collected 174 gold pieces.


Innate Abilities, Weirdness & Mutations

You may rarely emit foul miasma when damaged in melee.
You have a small tail.
Your magical capacity is low. (-10% MP)
Your muscles are strong. (Str +4, Int/Dex -1)


   Skills:
 - Level 2.0 Fighting
 - Level 2.3 Axes
 - Level 1.0 Throwing
 - Level 1.7 Dodging
 - Level 1.7 Stealth
 + Level 4.2 Unarmed Combat
 - Level 2.0 Evocations


You had 4 spell levels left.
You didn't know any spells.
Your spell library was empty.

Inventory:

Hand Weapons
 a - a +1 dagger
 d - a +0 hand axe (weapon)
Missiles
 b - 2 atropa-tipped darts (quivered)
 c - a datura-tipped dart
 k - 6 poisoned darts
Armour
 f - a +0 leather armour (worn)
Jewellery
 S - a +6 ring of strength
Wands
 i - a wand of paralysis (6)
Scrolls
 e - a scroll of vulnerability
 m - 2 scrolls of fog
Potions
 g - a potion of ambrosia
 h - a potion of heal wounds {@q2}
 j - 2 potions of curing {@q1}
 n - 3 potions of resistance {unknown}
 p - a potion of lignification {unknown}
 q - a potion of brilliance {unknown}

Dungeon Overview and Level Annotations

Branches:
Dungeon (4/15)
 Temple: D:4-7

Altars:
Ru

Shops:
D:1 [

Annotations:
D:2 Natasha

#.....
#.....
+...).
#.....#####
#......#<.#
#...?..#..#
#....J)##.#
#....†@...#
#.....#####
#/....
##+###


You could see a jelly.


Message History

The jelly is lightly wounded.
The jelly barely misses you. The jelly closely misses you.
You hit the jelly.
Your hands burn!
The jelly is moderately wounded.
The jelly hits you.
You are splashed with acid!
You hit the jelly.
Your hands burn!
* * * LOW HITPOINT WARNING * * *
The jelly is heavily wounded.
The jelly barely misses you.
You are too injured to fight recklessly!
You are too injured to fight recklessly!
You are too injured to fight recklessly!
You are too injured to fight recklessly!
You are too injured to fight recklessly!
You are too injured to fight recklessly!
You are too injured to fight recklessly!
You are too injured to fight recklessly!
You are too injured to fight recklessly!
You are too injured to fight recklessly!
You are too injured to fight recklessly!
You are too injured to fight recklessly!
You hit the jelly but do no damage.
Your hands burn!
* * * LOW HITPOINT WARNING * * *
The jelly is heavily wounded.
The jelly hits you.
* * * LOW HITPOINT WARNING * * *
The acid corrodes you!
You are splashed with acid!
* * * LOW HITPOINT WARNING * * *
You hit the jelly but do no damage.
Your hands burn!
You die...

Skill      XL: |  1  2  3  4  5 |
---------------+----------------+-----
Axes           | 2 |  2.3
Unarmed Combat | 1 2 3 4 |  4.2
Fighting       | |  2.0
Throwing       | |  1.0
Dodging        | |  1.7
Stealth        | |  1.7
Evocations     | |  2.0

Action                     |  1- 3 |  4- 6 || total
---------------------------+-------+-------++-------
  Melee: Hand axe          |    75 |   118 ||   193
         Tailslap          |     8 |     4 ||    12
         Headbutt          |     5 |    12 ||    17
         Punch             |       |     3 ||     3
  Evoke: Wand              |     5 |       ||     5
    Use: Potion            |     4 |     1 ||     5
         Scroll            |     2 |     2 ||     4
   Stab: Sleeping          |     6 |     4 ||    10
         Paralysed         |    12 |       ||    12
 Armour: Leather armour    |    15 |    30 ||    45
  Dodge: Dodged            |    44 |    62 ||   106

Levels and vault maps discovered:
D:1:      dpeg_arrival_long_road, layout_basic, serial_shops, shop
D:2:      layout_basic, basic_altar, uniq_robin, uniq_natasha
D:3:      layout_rooms
D:4:      layout_basic, minmay_temple_entry_antechambers, kennysheep_orc_chapel

Notes
Turn   | Place    | Note
-------+----------+-------------------------------------------
     0 | D:1      | demibob the Demonspawn Wanderer began the quest for the
                  | Orb.
     0 | D:1      | demibob set off with the following items: a +1 dagger, 2
                  | atropa-tipped darts, a datura-tipped dart, a +0 hand axe, a
                  | scroll of vulnerability, a +0 leather armour.
     0 | D:1      | Reached XP level 1. HP: 16/16 MP: 1/1
   132 | D:1      | Reached skill level 2 in Axes
   132 | D:1      | You feel monstrous as your demonic heritage exerts itself.
   132 | D:1      | Discovered your monstrous ancestry.
   132 | D:1      | Gained mutation: You have a small tail. [demonic ancestry]
   132 | D:1      | Reached XP level 2. HP: 5/22 MP: 2/2
   386 | D:1      | Reached skill level 1 in Unarmed Combat
   628 | D:1      | Gained mutation: You may rarely emit foul miasma when
                  | damaged in melee. [demonic ancestry]
   628 | D:1      | Reached XP level 3. HP: 26/27 MP: 3/3
  1090 | D:2      | Noticed Robin
  1094 | D:2      | Gained mutation: You are occasionally teleported next to
                  | monsters. [potion of mutation]
  1094 | D:2      | Gained mutation: You passively dampen the noise of your
                  | surroundings. [potion of mutation]
  1094 | D:2      | Gained mutation: You have a pair of small horns on your
                  | head. [potion of mutation]
  1118 | D:2      | HP: 2/27 [goblin/+0 club[Robin] (5)]
  1153 | D:2      | Killed Robin
  1154 | D:2      | Reached skill level 2 in Unarmed Combat
  1262 | D:2      | Noticed Natasha
  1272 | D:2      | Killed Natasha
  1273 | D:2      | Reached XP level 4. HP: 27/33 MP: 4/4
  1347 | D:2      | Found a sacrificial altar of Ru.
  1750 | D:2      | Noticed Natasha
  1993 | D:3      | Reached skill level 3 in Unarmed Combat
  2259 | D:3      | Reached XP level 5. HP: 36/38 MP: 5/5
  2270 | D:3      | Reached skill level 4 in Unarmed Combat
  2369 | D:3      | Lost mutation: You passively dampen the noise of your
                  | surroundings. [potion of mutation]
  2369 | D:3      | Lost mutation: You have a pair of small horns on your head.
                  | [potion of mutation]
  2369 | D:3      | Lost mutation: You are occasionally teleported next to
                  | monsters. [potion of mutation]
  2369 | D:3      | Gained mutation: Your muscles are strong. (Str +4, Int/Dex
                  | -1) [potion of mutation]
  2369 | D:3      | Gained mutation: Your magical capacity is low. (-10% MP)
                  | [potion of mutation]
  2809 | D:4      | HP: 1/38 [acid (11)]
  2810 | D:4      | Splashed by a jelly's acid

Vanquished Creatures
  A hound (D:3)
  An orc priest (D:3)
  Natasha (D:2)
  Robin (D:2)
  A gnoll (D:1)
  An adder (D:3)
  A dart slug (D:3)
  A worm (D:2)
  7 orcs (D:3)
  9 ball pythons
  3 bats
  6 endoplasms
  4 giant cockroaches
  9 goblins
  6 hobgoblins
  2 jackals (D:2)
  4 kobolds
  2 quokkas (D:1)
  2 frilled lizards
  6 rats
68 creatures vanquished.

Table legend: (Time is in decaauts)
 A = Elapsed time spent in this place.
 B = Non-inter-level travel time spent in this place.
 C = Inter-level travel time spent in this place.
 D = Time resting spent in this place.
 E = Time spent auto-exploring this place.
 F = Levels seen in this place.
 G = Mean time per level.
                   A        B        C        D        E       F      G
               +--------+--------+--------+--------+--------+-----+--------+
         Total |   2844 |   2757 |     87 |    243 |   2001 |   4 |  711.0 |
       Dungeon |   2844 |   2757 |     87 |    243 |   2001 |   4 |  711.0 |
               +--------+--------+--------+--------+--------+-----+--------+

Top non-repeatable levels by time:
     D:2: 1007 daAuts
     D:1: 985 daAuts
     D:3: 835 daAuts
     D:4: 16 daAuts

Table legend:
 A = Non-vault XP
 B = Vault XP
 C = Vault XP percentage of total XP
 D = Non-vault monster count
 E = Vault monster count
 F = Vault count percentage of total count
                 A         B        C        D         E       F
            +---------+---------+-------+---------+---------+-------
      Total |     219 |      61 |  21.8 |      60 |       8 |  11.8
            +---------+---------+-------+---------+---------+-------
        D:1 |      51 |       0 |   0.0 |      25 |       0 |   0.0
        D:2 |      20 |      61 |  75.3 |      10 |       8 |  44.4
        D:3 |     144 |       0 |   0.0 |      23 |       0 |   0.0
        D:4 |       4 |       0 |   0.0 |       2 |       0 |   0.0
            +---------+---------+-------+---------+---------+-------
